 Dungeon Crawl Stone Soup version 0.28-a0-616-gdeb3d7f7b4 (webtiles) character file.

Game seed: 7043554122658213959

229 KristoblXynda the Slasher (level 5, -6/46 HPs)
             Began as a Draconian Gladiator on Oct 6, 2021.
             Killed by divine providence
             ... invoked by an orc priest
              (10 damage)
             ... on level 3 of the Dungeon.
             The game lasted 00:02:27 (2498 turns).

KristoblXynda the Slasher (Draconian Gladiator)     Turns: 2498, Time: 00:02:27

Health: -6/46      AC:  6    Str: 15 (17) XL:     5   Next: 71%
Magic:  5/5        EV: 12    Int:  8 (9)  God:
Gold:   74         SH:  0    Dex:  9 (12) Spells: 1/4 levels left

rFire   . . .      SeeInvis .   a - +0 long sword
rCold   . . .      Faith    .   (no shield)
rNeg    . . .      Spirit   .   (armour unavailable)
rPois   .          Reflect  .   b - +0 hat
rElec   .          Harm     .   e - +0 cloak
rCorr   .          Rampage  .   (no gloves)
Will    .....                   (no boots)
Stlth   +.........              (no amulet)
HPRegen 0.15/turn               (no ring)
MPRegen 0.09/turn               (no ring)

@: flying
A: AC +5, unfitting armour, cold-blooded
a: no special abilities


You were on level 3 of the Dungeon.
You visited 1 branch of the dungeon, and saw 3 of its levels.

You collected 74 gold pieces.

Inventory:

Hand Weapons
 a - a +0 long sword (weapon)
Missiles
 c - 2 throwing nets (quivered)
Armour
 b - a +0 hat (worn)
 e - a +0 cloak (worn)
Scrolls
 h - a scroll of summoning {unknown}
 j - a scroll of identify {unknown}
Potions
 i - a potion of heal wounds {unknown}


   Skills:
 + Level 3.7 Fighting
 * Level 4.9 Long Blades
 - Level 2.0 Throwing
 + Level 3.7 Dodging


You had one spell level left.
You knew the following spells:

 Your Spells              Type           Power      Damage    Failure   Level
a - Conjure Flame         Conj/Fire      0%         6-21      78%         3

Your spell library contained the following spells:

 Spells                   Type           Power      Damage    Failure   Level
 Foxfire                  Conj/Fire      0%         2x1d4     41%         1
 Dazzling Flash           Conj/Hex       0%         N/A       78%         3
 Ignite Poison            Fire/Tmut/Pois 0%         N/A       78%         3
 Inner Flame              Hex/Fire       0%         N/A       78%         3
 Mephitic Cloud           Conj/Pois/Air  0%         N/A       78%         3
 Flame Wave               Conj/Fire      0%         3d3       99%         4
 Agony                    Necr           0%         N/A       100%        5
 Freezing Cloud           Conj/Ice/Air   0%         6-21      100%        5
 Silence                  Hex/Air        0%         N/A       100%        5


Dungeon Overview and Level Annotations

Branches:
Dungeon (3/15)

Altars:

Shops:
D:3 *


Innate Abilities, Weirdness & Mutations

Your plain brown scales are hard. (AC +5)
You cannot fit into any form of body armour.
You are cold-blooded and may be slowed by cold attacks.


Message History

You hit the adder.
You kill the adder!
You barely miss the orc. The orc closely misses you.
You barely miss the orc. The orc hits you with a +0 hand axe.
You hit the orc.
Your tail-slap misses the orc.
The orc is heavily wounded.
The orc hits you with a +0 hand axe.
You hit the orc but do no damage.
The orc is heavily wounded.
The orc hits you but does no damage.
You hit the orc but do no damage.
The orc is heavily wounded.
The orc hits you with a +0 hand axe.
The orc priest mumbles some strange prayers to Beogh against you.
Beogh smites you! The orc misses you.
You hit the orc.
You kill the orc!
Deactivating autopickup; reactivate with Ctrl-A.
You completely miss something. Something hits you but does no damage.
The orc priest calls down the wrath of Beogh upon you.
Beogh smites you!
* * * LOW HITPOINT WARNING * * *
You slash something! Something hits you.
* * * LOW HITPOINT WARNING * * *
The orc priest calls down the wrath of Beogh upon you.
Something hits you.
* * * LOW HITPOINT WARNING * * *
Unknown command.
It was a potion of degeneration.
There was something very wrong with that liquid.
You feel weakened.
You feel dopey.
You feel clumsy. Something hits you.
* * * LOW HITPOINT WARNING * * *
It was a potion of flight.
You feel very buoyant.
You fly up into the air.
Something hits you but does no damage.
It was a potion of magic.
Magic courses through your body.
The orc priest mumbles some strange prayers to Beogh against you.
Beogh smites you!
You die...

≈≈#................#
#######.####..##.#
#.## #..##.#
######..###..##.#
........$.....##.#
########.?###.##.#
##.###.##..
#..##.#### ##.##@#
#..#)# ##.#o#
###...# #.....#####
#....>......
#....o..........
#...............
+...............


You could see an orc priest.

Vanquished Creatures
  Sigmund (D:2)
  2 adders
  2 worms (D:2)
  2 dart slugs
  2 orcs (D:3)
  2 ball pythons
  3 bats
  5 endoplasms
  A giant cockroach (D:1)
  4 goblins
  5 hobgoblins (D:1)
  4 jackals (D:1)
  A quokka (D:3)
  2 frilled lizards
  3 kobolds
  2 rats (D:2)
41 creatures vanquished.

Notes
Turn   | Place    | Note
-------+----------+-------------------------------------------
     0 | D:1      | KristoblXynda the Draconian Gladiator began the quest for
                  | the Orb.
     0 | D:1      | Reached XP level 1. HP: 17/17 MP: 1/1
   138 | D:1      | Reached XP level 2. HP: 10/25 MP: 2/2
  1236 | D:2      | Noticed Sigmund
  1266 | D:2      | Reached XP level 3. HP: 29/30 MP: 3/3
  1780 | D:2      | Killed Sigmund
  1781 | D:2      | Reached skill level 4 in Long Blades
  1781 | D:2      | Reached XP level 4. HP: 32/39 MP: 4/4
  1781 | D:2      | Reached XP level 5. HP: 37/45 MP: 5/5
  1884 | D:2      | Learned a level 3 spell: Conjure Flame
  2392 | D:3      | Noticed a sky beast
  2479 | D:3      | Found Zuits's Assorted Antiques.
  2498 | D:3      | Killed from afar by an orc priest

Illustrated notes

Levels and vault maps discovered:
D:1:      heliophobic_arrival_henge, layout_basic
D:2:      layout_basic, uniq_sigmund
D:3:      layout_basic, nicolae_elyvilon_peaceful_grove,
          gammafunk_temple_overflow_statue, serial_shops,
          nicolae_shop_overgrown_old_shop

Skill      XL: |  1  2  3 |
---------------+----------+-----
Throwing       | 2 |  2.0
Dodging        | 3 |  3.7
Fighting       | 3 |  3.7
Long Blades    | 4 |  4.9

Action                   |  1- 3 |  4- 6 || total
-------------------------+-------+-------++-------
Melee: Long sword        |    95 |    31 ||   126
       Tailslap          |    11 |     1 ||    12
Throw: Throwing net      |     2 |       ||     2
  Use: Potion            |       |     3 ||     3
Armor: Skin              |    44 |     8 ||    52
Dodge: Dodged            |    85 |    22 ||   107

Table legend: (Time is in decaauts)
 A = Elapsed time spent in this place.
 B = Non-inter-level travel time spent in this place.
 C = Inter-level travel time spent in this place.
 D = Time resting spent in this place.
 E = Time spent auto-exploring this place.
 F = Levels seen in this place.
 G = Mean time per level.
                   A        B        C        D        E       F      G
               +--------+--------+--------+--------+--------+-----+--------+
         Total |   2528 |   2437 |     91 |    512 |   1534 |   3 |  842.7 |
       Dungeon |   2528 |   2437 |     91 |    512 |   1534 |   3 |  842.7 |
               +--------+--------+--------+--------+--------+-----+--------+

Top non-repeatable levels by time:
     D:1: 1273 daAuts
     D:2: 1117 daAuts
     D:3: 137 daAuts
